Map: Dusk Towers

Players

Spirit

  • Race: Protoss Protoss
  • League: Diamond

LilDicky - Winner!

  • Race: Terran Terran
  • League: Diamond

VOD

http://www.twitch.tv/tumescentpie

Description

Time

  • Played on: Dec. 5, 2015, 5:23 p.m.
  • Length: 6:19
Show
View Real Time Build Order
Export as new Build Order

Spirit Protoss 

Build Orders: Oracle Opening 

Get SALT Encoding   

  12  0:01  Probe (Chrono Boost)  
  13  0:12  Probe (Chrono Boost)  
  14  0:19  Pylon  
  14  0:28  Probe (Chrono Boost)  
  15  0:43  Gateway  
  15  0:47  Probe (Chrono Boost)  
  16  0:53  Assimilator  
  16  0:57  Assimilator  
  16  0:58  Probe (Chrono Boost)  
  17  1:16  Probe (Chrono Boost)  
  18  1:31  Cybernetics Core  
  17  1:42  Probe (Chrono Boost)  
  18  1:48  Pylon  
  18  1:52  Pylon  
  19  1:54  Probe (Chrono Boost)  
  21  2:08  Mothership Core (Chrono Boost)  
  21  2:11  Stargate  
  21  2:16  Adept  
  21  2:22  Warp Gate  
  23  2:26  Probe (Chrono Boost)  
  24  2:40  Probe (Chrono Boost)  
  25  2:55  Robotics Facility  
  25  3:01  Gateway  
  25  3:10  Oracle (Chrono Boost)  
  28  3:22  Probe  
  29  3:27  Pylon  
  29  3:43  Observer  
  27  4:03  Oracle (Chrono Boost)  
  30  4:13  Pylon  
  30  4:25  Observer  
  31  4:35  Void Ray (Chrono Boost)  
  35  4:43  Pylon  
  35  5:08  Adept x2  
  39  5:15  Gateway  
  43  5:29  Adept x2  
  41  5:52  Pylon  
  41  5:58  Zealot  
Show
View Real Time Build Order
Export as new Build Order

LilDicky Terran - Winner!

Build Orders: MMM Bio 

Get SALT Encoding   

  12  0:01  SCV  
  13  0:13  SCV  
  14  0:18  Supply Depot  
  14  0:25  SCV  
  15  0:36  Refinery  
  15  0:42  Barracks  
  15  0:47  SCV  
  16  0:59  SCV  
  17  1:12  SCV  
  18  1:24  SCV  
  19  1:32  Supply Depot, Marine  
  20  1:36  Orbital Command  
  20  1:43  Factory  
  20  1:50  Marine  
  21  1:57  Barracks  
  21  2:02  SCV  
  21  2:08  Barracks  
  22  2:14  SCV  
  23  2:15  Barracks Reactor  
  23  2:22  Refinery  
  24  2:30  SCV  
  24  2:42  SCV, Widow Mine  
  27  2:45  Barracks Tech Lab  
  27  2:52  Marine x2  
  27  2:54  SCV  
  27  2:55  Barracks Tech Lab  
  30  3:04  Supply Depot  
  30  3:06  SCV  
  31  3:18  SCV  
  31  3:19  Marine  
  31  3:20  Combat Shields, Stimpack  
  31  3:25  Marine x2  
  31  3:26  Marauder  
  35  3:29  Widow Mine  
  37  3:36  SCV  
  38  3:46  Marine  
  39  3:52  Supply Depot  
  39  3:55  SCV  
  39  3:56  Marine  
  38  4:13  Widow Mine  
  38  4:14  Marauder x2  
  44  4:21  SCV  
  45  4:27  Marine x2  
  45  4:31  Starport  
  47  4:35  Marine  
  47  4:36  Marauder  
  50  4:39  SCV  
  50  4:45  Marine  
  52  4:51  Marine  
  52  4:54  Marauder  
  52  4:57  Marine  
  55  5:14  Marine  
  54  5:21  Concussive Shells  
  54  5:22  Marine  
  54  5:26  Marine  
  55  5:37  Marine  
  55  5:42  Marine  
  55  5:44  Marine  
Tags
 
Add a new tag
Caveats
  • Supply blocks, unpowered buildings, or Contaminate may cause inaccurate times.
  • Supply counts are checked every 10 seconds.